 Dungeon Crawl Stone Soup version 0.23.0-3-gf3c87f2 (webtiles) character file.

Game seed: 7252442334909462058

127 JustSomeDude the Skirmisher (level 4, -4/40 HPs)
             Began as a Draconian Fighter on Feb 4, 2019.
             Was an Initiate of Elyvilon.
             Slain by an ogre
             ... wielding a +0 giant spiked club
              (33 damage)
             ... on level 4 of the Dungeon on Feb 22, 2019.
             The game lasted 00:06:27 (2696 turns).

JustSomeDude the Skirmisher (Draconian Fighter)     Turns: 2696, Time: 00:06:28

Health: -4/40      AC:  5    Str: 23 (24) XL:     4   Next: 85%
Magic:  4/4        EV: 10    Int:  7 (8)  God:    Elyvilon [......]
Gold:   181        SH:  9    Dex:  8 (11) Spells: 3/3 levels left

rFire    . . .     SeeInvis .   a - +0 long sword
rCold    . . .     Gourm    .   b - +0 shield
rNeg     . . .     Faith    .   (armour unavailable)
rPois    .         Spirit   .   (helmet restricted)
rElec    .         Reflect  .   (no cloak)
rCorr    .         Harm     .   (no gloves)
MR       .....     Rnd*Tele +   (no boots)
Stlth    +.........             (no amulet)
HPRegen  0.13/turn              j - ring of flight
MPRegen  0.09/turn              h - ring of teleportation (curse)

@: mighty
A: unfitting armour, cold-blooded, AC +5
a: Renounce Religion, Evoke Flight


You were on level 4 of the Dungeon.
You worshipped Elyvilon.
Elyvilon was noncommittal.
You were hungry.

You visited 1 branch of the dungeon, and saw 4 of its levels.

You collected 181 gold pieces.

Inventory:

Hand Weapons
 a - a +0 long sword (weapon)
Armour
 b - a +0 shield (worn)
Jewellery
 h - a cursed ring of teleportation (right hand)
 j - a ring of flight (left hand)
 k - an uncursed ring of ice {unknown}
 w - a +5 ring of intelligence {unknown}
Scrolls
 g - 2 scrolls of identify {unknown}
 i - 2 scrolls of immolation {unknown}
 l - 2 scrolls of fog {unknown}
 m - 2 scrolls of enchant armour {unknown}
 n - a scroll of noise {unknown}
 o - a scroll of magic mapping {unknown}
 q - a scroll of enchant weapon {unknown}
 s - a scroll of remove curse {unknown}
Potions
 e - a potion of agility {unknown}
 f - 2 potions of heal wounds {unknown}
 r - a potion of curing
 t - a potion of degeneration
 u - a potion of lignification {unknown}
 v - a potion of berserk rage {unknown}
 x - a potion of haste {unknown}
Comestibles
 d - 5 rations


   Skills:
 + Level 3.9 Fighting
 + Level 3.5 Long Blades
 + Level 3.2 Dodging
 + Level 1.1 Stealth
 + Level 3.5 Shields


You had 3 spell levels left.
You didn't know any spells.
Your spell library was empty.

Dungeon Overview and Level Annotations

Branches:
Dungeon (4/15)
 Temple: D:4-7

Altars:
Elyvilon
Nemelex Xobeh
Qazlal

Annotations:
D:3 1 runed translucent door, Terandir's ghost, amateur CeHu


Innate Abilities, Weirdness & Mutations

Your plain brown scales are hard. (AC +5)
You cannot fit into any form of body armour.
You are cold-blooded and may be slowed by cold attacks.


Message History

You feel weakened.
You feel dopey.
You feel clumsy.
It was a potion of ambrosia.
You are confused.
You feel invigorated.
You bump into the rock wall.
You closely miss the ogre.
The ogre hits you with a +0 giant spiked club!
You bump into the rock wall.
The ogre completely misses you.
You bump into the rock wall.
The ogre hits you with a +0 giant spiked club!!
Ouch! That really hurt!
You slash the ogre!
The ogre is heavily wounded.
The ogre completely misses you.
You bump into the rock wall.
You bump into the rock wall.
You feel less invigorated.
You feel less confused.
The ogre hits you with a +0 giant spiked club!!
Ouch! That really hurt!
You die...

......#....######......
..#####....##.[........
.....##....##.........
.....##....##.........
.....##....##.....####
.⌠...##.....'.....#
_..'######.##.....#
.⌠#.##./...#####O##
.......##### #@#
###.##.# #........
###....# #.#######
....#### #.# .#### ###
.# ##


You could see an ogre.

Vanquished Creatures
  A worker ant (D:4)
  4 adders
  A dart slug (D:2)
  2 leopard geckos
  6 orcs (D:3)
  A ball python (D:2)
  4 giant cockroaches
  5 goblins
  7 hobgoblins
  2 jackals (D:3)
  7 kobolds
  A quokka (D:2)
  5 bats
  A frilled lizard (D:3)
  8 rats
55 creatures vanquished.

Notes
Turn   | Place    | Note
-------+----------+-------------------------------------------
     0 | D:1      | JustSomeDude the Draconian Fighter began the quest for the
                  | Orb.
     0 | D:1      | Reached XP level 1. HP: 19/19 MP: 1/1
   185 | D:1      | Reached XP level 2. HP: 26/26 MP: 2/2
   976 | D:2      | Reached XP level 3. HP: 28/31 MP: 3/3
  1635 | D:3      | Reached XP level 4. HP: 31/40 MP: 4/4
  1862 | D:3      | Found a runed translucent door.
  1865 | D:3      | Noticed Terandir's ghost (amateur CeHu)
  1964 | D:3      | Reached skill level 1 in Stealth
  2124 | D:3      | Found a stormy altar of Qazlal.
  2126 | D:3      | Noticed a water elemental
  2126 | D:3      | Noticed an air elemental
  2127 | D:3      | Noticed an earth elemental
  2127 | D:3      | Noticed a fire elemental
  2346 | D:4      | Noticed an ogre
  2349 | D:4      | Found a white marble altar of Elyvilon.
  2356 | D:4      | Became a worshipper of Elyvilon the Healer
  2363 | D:4      | Upgraded the game from 0.23-b1-58-ge3fafae to
                  | 0.23.0-3-gf3c87f2
  2612 | D:4      | Found a sparkling altar of Nemelex Xobeh.
  2680 | D:4      | Noticed an ogre
  2696 | D:4      | Slain by an ogre

Skill      XL: |  1  2  3  4 |
---------------+-------------+-----
Dodging        | 3 |  3.2
Long Blades    | 3 |  3.5
Stealth        | 1 |  1.1
Fighting       | |  3.9
Shields        | |  3.5

Action                   |  1- 3 |  4- 6 || total
-------------------------+-------+-------++-------
Melee: Long sword        |    99 |    67 ||   166
       Tailslap          |     7 |     5 ||    12
  Use: Potion            |     1 |     4 ||     5
 Stab: Sleeping          |     3 |     1 ||     4
  Eat: Chunk             |     2 |     3 ||     5
Armor: Skin              |    38 |    20 ||    58
Dodge: Dodged            |    38 |    27 ||    65
Block: Shield            |    46 |    31 ||    77
       Rpst.: Long sword |    14 |     8 ||    22
